 Dungeon Crawl Stone Soup version 0.31.0-11-ge490571c62 (webtiles) character file.

Game seed: 6614854348695332821

15 qw the Shooter (level 2, -1/16 HPs)
             Began as a Deep Elf Hunter on Feb 4, 2024.
             Slain by a rat (3 damage)
             ... on level 1 of the Dungeon.
             The game lasted 00:00:00 (112 turns).

qw the Shooter (Deep Elf Hunter)                     Turns: 112, Time: 00:00:01

Health: -1/16      AC:  3    Str:  8    XL:     2   Next: 34%
Magic:  4/4        EV: 12    Int: 13    God:
Gold:   34         SH:  0    Dex: 18    Spells: 1/1 levels left

rFire   . . .        a - +0 shortbow
rCold   . . .        (shield currently unavailable)
rNeg    . . .        c - +0 leather armour
rPois   .            (no helmet)
rElec   .            (no cloak)
rCorr   .            (no gloves)
SInv    .            (no boots)
Will    .....        (no amulet)
Stlth   ++           (no ring)
HPRegen 0.22/turn    (no ring)
MPRegen 0.09/turn

%: no passive effects
@: no status effects
A: no striking features
a: no special abilities


You were on level 1 of the Dungeon.
You visited 1 branch of the dungeon, and saw 1 of its levels.

You collected 34 gold pieces.


   Skills:
 - Level 1.5 Fighting
 + Level 6.2 Ranged Weapons
 - Level 2.4 Dodging
 - Level 1.2 Stealth


You had one spell level left.
You didn't know any spells.
Your spell library was empty.

Inventory:

Hand Weapons
 a - a +0 shortbow (weapon)
Armour
 c - a +0 leather armour (worn)
 e - a +0 ring mail
Jewellery
 f - a +5 ring of evasion
Scrolls
 b - a scroll of butterflies
 d - a scroll of identify {unknown}
 h - a scroll of teleportation {unknown}
 j - 2 scrolls of poison {unknown}
Potions
 g - a potion of ambrosia {unknown}
 i - a potion of might {unknown}

Dungeon Overview and Level Annotations

Branches:
Dungeon (1/15)

Altars:


Message History

You kill the jackal!
The quokka closely misses you. The quokka completely misses you.
You shoot an arrow. The arrow hits the quokka.
The quokka is moderately wounded.
The jackal pauses to sniff the ground.
The rat bites you. The quokka misses you.
You shoot an arrow. The arrow closely misses the quokka.
The rat bites you but does no damage. The quokka misses you. x2
You shoot an arrow. The arrow closely misses the quokka.
The quokka bites you. x2; The rat barely misses you.
You shoot an arrow. The arrow hits the quokka.
The quokka is heavily wounded.
A jackal comes into view.
The quokka barely misses you.
The quokka bites you but does no damage.
The rat barely misses you.
You shoot an arrow. The jackal barks!
The arrow hits the quokka!
You kill the quokka!
The quokka misses you. The rat barely misses you. The quokka barely misses you.
You shoot an arrow. The arrow misses the quokka.
The rat barely misses you. The rat bites you but does no damage.
The quokka bites you but does no damage.
You shoot an arrow. The arrow barely misses the quokka.
The arrow hits the jackal.
The jackal is heavily wounded.
The quokka bites you but does no damage.
The rat barely misses you. The rat bites you. The quokka barely misses you.
You shoot an arrow. The arrow hits the quokka!
You kill the quokka!
The rat bites you. x2; The rat barely misses you.
The rat bites you.
You shoot an arrow.
The arrow hits the jackal but does no damage.
The jackal is heavily wounded.
The jackal barely misses you. The jackal closely misses you.
The jackal misses you.
A kobold comes into view. It is wielding a +0 short sword.
The rat barely misses you. The jackal barely misses you. The rat bites you.
You die...

...##.#####..77####....##
.....................#.#
....##.#####...........#
.......................#
....###..##............#
...## ##................
..## ##.............# ##
#..###...##...###
..........r@h......
####.#######hr###### ..
..## ... .#.. .... .)##.#
.... #. .. K. .#. .. ..


You could see 2 jackals, a kobold (wandering) and 2 rats.

Vanquished Creatures
  A dart slug (D:1)
  An endoplasm (D:1)
  2 giant cockroaches (D:1)
  A hobgoblin (D:1)
  A jackal (D:1)
  2 kobolds (D:1)
  2 quokkas (D:1)
  A rat (D:1)
11 creatures vanquished.

Notes
Turn   | Place    | Note
-------+----------+-------------------------------------------
     0 | D:1      | qw the Deep Elf Hunter began the quest for the Orb.
     0 | D:1      | Reached XP level 1. HP: 12/12 MP: 3/3
     0 | D:1      | 0 ||| qw: Version: 0.3-a-160-g6735b56
     0 | D:1      | 0 ||| qw: Game counter: 5749
     0 | D:1      | 0 ||| qw: Melee chars always use a shield: true
     0 | D:1      | 0 ||| qw: God list: Okawaru
     0 | D:1      | 0 ||| qw: Allow faded altars: false
     0 | D:1      | 0 ||| qw: Do Orc after clearing Dungeon:15 true
     0 | D:1      | 0 ||| qw: Do second Lair branch before Depths: true
     0 | D:1      | 0 ||| qw: Lair rune preference: random
     0 | D:1      | 0 ||| qw: Goals: Normal
     0 | D:1      | 0 ||| PLANNING D:1-11
    78 | D:1      | Reached XP level 2. HP: 16/16 MP: 4/4
    94 | D:1      | Reached skill level 6 in Ranged Weapons
   111 | D:1      | HP: 4/16 [rat (1)]
   111 | D:1      | HP: 1/16 [rat (3)]
   112 | D:1      | Slain by a rat

Levels and vault maps discovered:
D:1:      saegor_arrival_simple_b, layout_rooms, minmay_misc_feat_tiny,
          minmay_three_crescents

Skill      XL: |  1  2 |
---------------+-------+-----
Ranged Weapons | 6 |  6.2
Fighting       | |  1.5
Dodging        | |  2.4
Stealth        | |  1.2

Action                     || total
---------------------------++-------
   Fire: Shortbow          ||    30
 Armour: Leather armour    ||    14
  Dodge: Dodged            ||    28

Table legend:
 A = Non-vault XP
 B = Vault XP
 C = Vault XP percentage of total XP
 D = Non-vault monster count
 E = Vault monster count
 F = Vault count percentage of total count
                 A         B        C        D         E       F
            +---------+---------+-------+---------+---------+-------
      Total |      17 |       5 |  22.7 |       8 |       3 |  27.3
            +---------+---------+-------+---------+---------+-------
        D:1 |      17 |       5 |  22.7 |       8 |       3 |  27.3
            +---------+---------+-------+---------+---------+-------
